 Dungeon Crawl Stone Soup version bcrawl-1.18.1 (webtiles) character file.

Game seed: 15563472162895346166

25 Banto the Insei (level 3, -1/23 HPs)
             Began as an Octopode Transmuter on Nov 9, 2019.
             Slain by a worm (10 damage)
             ... on level 1 of the Dungeon.
             The game lasted 00:00:53 (1096 turns).

Banto the Insei (Octopode Transmuter)               Turns: 1096, Time: 00:00:54

Health: -1/23      AC:  1    Str:  9    XL:     3   Next: 6%
Magic:  5/6        EV: 13    Int: 16    God:
Gold:   13         SH:  0    Dex: 12    Spells: 5/6 levels left

rFire    . . .     SeeInvis .     - Unarmed
rCold    . . .     Gourm    .   (no shield)
rNeg     . . .     Faith    .   (helmet restricted)
rPois    .         Spirit   .   (cloak restricted)
rElec    .         Reflect  .   (no amulet)
rCorr    .         Harm     .   (no ring)
MR       .....                  (no ring)
Stlth    ++........             (no ring)
HPRegen  0.07/turn              (no ring)
MPRegen  0.10/turn              (no ring)
                                (no ring)
                                (no ring)
                                (no ring)

@: appendage
A: almost no armour, stealthy swim, amphibious, 8 rings, constrict 8, tentacle
spike 3, camouflage 1, gelatinous body 1
a: End Transformation


You were on level 1 of the Dungeon.
You were hungry.
One of your tentacles had a temporary spike.
You visited 1 branch of the dungeon, and saw 1 of its levels.

You collected 13 gold pieces.

Inventory:

Missiles
 a - 120 arrows
Scrolls
 b - a scroll of identify {unknown}
 f - a scroll of remove curse {unknown}
 h - a scroll of amnesia {unknown}
 i - a scroll of blinking {unknown}
Potions
 c - a potion of lignification
 e - 2 potions of mutation {unknown}
 g - a potion of berserk rage {unknown}
Comestibles
 d - 4 rations {!d}
 j - 3 chunks of flesh


   Skills:
 - Level 1.0 Fighting
 - Level 2.0 Dodging
 + Level 3.4 Unarmed Combat
 + Level 2.4 Spellcasting
 + Level 2.5 Transmutations


You had 5 spell levels left.
You knew the following spells:

 Your Spells              Type           Power        Failure   Level  Hunger
a - Beastly Appendage     Tmut           ##....       7%          1    #......

Your spell library contained the following spells:

 Spells                   Type           Power        Failure   Level  Hunger
 Sticks to Snakes         Tmut           ##......     11%         2    ###....
 Spider Form              Tmut/Pois      #..          34%         3    ###....
 Ice Form                 Ice/Tmut       #.......     75%         4    #####..
 Blade Hands              Tmut           ##........   89%         5    ######.


Dungeon Overview and Level Annotations

Branches:
Dungeon (1/12)

Altars:


Innate Abilities, Weirdness & Mutations

You cannot wear most types of armour.
You are very stealthy in the water. (Stealth+)
You are amphibious.
You can wear up to eight rings at the same time.
You can use your tentacles to constrict eight enemies at once.
Your skin changes colour to match your surroundings (Stealth+).
Your rubbery body absorbs attacks. (AC +1, EV +1)
One of your tentacles bears a large vicious spike.


Message History

The dart slug closely misses you.
You tentacle-slap the dart slug. You squeeze the dart slug.
The dart slug is severely wounded.
You constrict the dart slug.
You release your grip on the dart slug.
You tentacle-slap the dart slug.
You kill the dart slug!
You have reached level 3!
Your experience leads to an increase in your attributes!
Increase (S)trength, (I)ntelligence, or (D)exterity?
You feel clever.
A ball python comes into view.
Casting: Beastly Appendage (safe; 7% risk of failure)
Confirm with . or Enter, or press ? or * to list all spells.
One of your tentacles grows a vicious spike.
You tentacle-slap the worm. You grab the worm.
The worm is lightly wounded.
You constrict the worm, but do no damage.
The worm bites you!
You die...

..
............P...###.#.###.#
..............#####.#.###.#
###..............##........
......####.....####.###.#
...... #.....# #.#...#
..... #.....# #.### .....##
##...#### #....
.......###.#....## #.###
#.@w...%....#.#####
#.####)####.#...... #.
#...# ####### .. #.....#
...... ##S#.......# ######
#.....⌠.!... #.#.......#..
#.##..(..##..# . .#...#[ .#


You could see a worm and a ball python (sleeping).

Vanquished Creatures
  A dart slug (D:1)
  2 ball pythons (D:1)
  3 giant cockroaches (D:1)
  4 hobgoblins (D:1)
  A bat (D:1)
  4 frilled lizards (D:1)
  4 goblins (D:1)
  2 kobolds (D:1)
21 creatures vanquished.

Notes
Turn   | Place    | Note
-------+----------+-------------------------------------------
     0 | D:1      | Banto the Octopode Transmuter began the quest for the Orb.
     0 | D:1      | Reached XP level 1. HP: 13/13 MP: 3/3
   332 | D:1      | Reached XP level 2. HP: 1/18 MP: 3/5
  1093 | D:1      | Reached XP level 3. HP: 9/23 MP: 6/6
  1096 | D:1      | Slain by a worm

Action                   || total
-------------------------++-------
Melee: Unarmed           ||    53
       Constrict         ||    15
       Punch             ||     2
       Tentacles         ||     4
 Cast: Beastly Appendage ||     2
 Stab: Sleeping          ||     3
Armor: Skin              ||     3
Dodge: Dodged            ||    27
